 Dungeon Crawl Stone Soup version 0.31-a0-1074-g0b22e4e0f1 (webtiles) character file.

Game seed: 1902201626166052073

173 QueensGambit the Chopper (level 5, -9/32 HPs)
             Began as a Tengu Gladiator on Dec 5, 2023.
             Was an Initiate of Okawaru.
             Mangled by an ogre
             ... wielding a +0 giant club
              (23 damage)
             ... on level 5 of the Dungeon.
             The game lasted 00:13:53 (2850 turns).

QueensGambit the Chopper (Tengu Gladiator)          Turns: 2850, Time: 00:13:54

Health: -9/32      AC:  6    Str: 14    XL:     5   Next: 53%
Magic:  6/6        EV: 12    Int:  9    God:    Okawaru [......]
Gold:   164        SH:  0    Dex: 17    Spells: 4/4 levels left

rFire   . . .        x - +1 broad axe (elec)
rCold   . . .        (no shield)
rNeg    . . .        n - +0 ring mail
rPois   .            c - +0 hat
rElec   .            (no cloak)
rCorr   .            p - +0 pair of gloves
SInv    .            (boots unavailable)
Will    .....        o - amulet of faith
Stlth   +            (no ring)
HPRegen 0.25/turn    (no ring)
MPRegen 0.10/turn

%: acrobat, faith
@: no status effects
A: beak, talons 3, acrobatic
a: Renounce Religion


You were on level 5 of the Dungeon.
You worshipped Okawaru.
Okawaru was noncommittal.
You visited 1 branch of the dungeon, and saw 5 of its levels.

You collected 164 gold pieces.

Inventory:

Hand Weapons
 a - a +0 war axe of freezing
 x - a +1 broad axe of electrocution (weapon)
Missiles
 d - 3 throwing nets
 e - a javelin
 f - 51 stones (quivered)
 j - 7 boomerangs
Armour
 c - a +0 hat (worn)
 n - a +0 ring mail (worn)
 p - a +0 pair of gloves (worn)
Jewellery
 o - an amulet of faith (around neck)
 v - an amulet of magic regeneration
Scrolls
 i - 2 scrolls of teleportation
 t - a scroll of immolation
Potions
 h - 2 potions of attraction {unknown}
 k - a potion of haste {unknown}
 l - a potion of degeneration {unknown}
 q - 3 potions of heal wounds {unknown}
 s - 3 potions of curing {unknown}
 w - a potion of brilliance {unknown}


   Skills:
 + Level 2.9 Fighting
 + Level 5.0 Axes
 + Level 2.0 Throwing
 + Level 1.9 Armour
 + Level 4.1 Dodging
 + Level 0.6 Stealth


You had 4 spell levels left.
You didn't know any spells.
Your spell library contained the following spells:

 Spells                   Type           Power      Damage    Failure   Level
 Cigotuvi's Dreadful Rot  Necr/Pois/Air  0%         N/A       77%         2
 Poisonous Vapours        Pois/Air       0%         N/A       77%         2
 Ignite Poison            Fire/Tmut/Pois 0%         N/A       94%         3
 Mephitic Cloud           Conj/Pois/Air  0%         N/A       94%         3
 Freezing Cloud           Conj/Ice/Air   0%         6-21      100%        5


Dungeon Overview and Level Annotations

Branches:
Dungeon (5/15)             Temple (0/1) D:4

Altars:
Okawaru
Xom
The Shining One


Innate Abilities, Weirdness & Mutations

You have a beak for a mouth.
You have claws for feet.
You can magically evade attacks while moving or waiting.


Message History

You start putting on your amulet.
You continue putting on your amulet of faith. x5
You finish putting on your amulet of faith.
You feel a surge of divine interest.
o - an amulet of faith (around neck)
You drop a +0 robe.
You drop a +0 leather armour.
As you read the scroll labelled TUOBOXIUFE, it crumbles to dust.
The air around you briefly surges with heat, but it dissipates.
It was a scroll of immolation.
As you read the scroll labelled AHETZA BURGH, it crumbles to dust.
It is a scroll of amnesia.
Your memory of Cigotuvi's Dreadful Rot unravels.
There is a stone staircase leading down here.
You climb downwards.
There is a stone staircase leading up here.
Found a stone staircase leading down.
Found a robe.
You see here a +0 robe.
An orc comes into view. It is wielding a +0 club.
The orc shouts!
The orc moves out of view.
The orc hits you but does no damage.
You hit the orc. Lightning courses through the orc!
You kill the orc!
Okawaru accepts your kill.
Things that are here:
a +0 club; a +0 leather armour An ogre comes into view.
It is wielding a +0 giant club.
You barely miss the ogre.
The ogre hits you with a +0 giant club!!
Ouch! That really hurt!
You hit the ogre. You peck the ogre, but do no damage.
The ogre is moderately wounded.
The ogre closely misses you.
You barely miss the ogre.
The ogre is moderately wounded.
The ogre hits you with a +0 giant club!!
Ouch! That really hurt!
You die...

#########
#@O.....#
#.#####.#
#.#####.#####
#.##........#
#.##.##.###.#
#.##.##.#
#.#####
#.......#
#.....##
####)#.##
#####..[
#...# ####


You could see an ogre.

Vanquished Creatures
  2 hounds (D:4)
  An orc wizard (D:3)
  3 adders (D:2)
  A dart slug (D:2)
  5 orcs
  2 bats
  6 endoplasms
  4 giant cockroaches
  5 goblins
  4 hobgoblins
  3 quokkas
  7 ball pythons
  A frilled lizard (D:1)
  6 kobolds
  3 rats
53 creatures vanquished.

Notes
Turn   | Place    | Note
-------+----------+-------------------------------------------
     0 | D:1      | QueensGambit the Tengu Gladiator began the quest for the
                  | Orb.
     0 | D:1      | Reached XP level 1. HP: 12/12 MP: 2/2
    76 | D:1      | Reached XP level 2. HP: 17/17 MP: 3/3
   673 | D:2      | Reached XP level 3. HP: 21/21 MP: 4/4
   703 | D:2      | Reached skill level 4 in Axes
   747 | D:2      | Learned a level 2 spell: Cigotuvi's Dreadful Rot
  1061 | D:2      | Reached skill level 1 in Armour
  1061 | D:2      | Reached XP level 4. HP: 19/27 MP: 5/5
  1580 | D:3      | Found a shimmering altar of Xom.
  1910 | D:4      | Found an iron altar of Okawaru.
  1969 | D:4      | Became a worshipper of Warmaster Okawaru
  2132 | D:4      | Reached XP level 5. HP: 32/32 MP: 6/6
  2150 | D:4      | Found a glowing golden altar of the Shining One.
  2174 | D:4      | Found a staircase to the Ecumenical Temple.
  2472 | D:4      | Reached skill level 5 in Axes
  2773 | D:5      | Entered Level 5 of the Dungeon
  2846 | D:5      | Noticed an ogre
  2850 | D:5      | Mangled by an ogre

Illustrated notes

Levels and vault maps discovered:
D:1:      saegor_arrival_simple_b, layout_loops_ring
D:2:      layout_basic, serial_bayou_pond_a
D:3:      layout_loops_ring, mainiacjoe_overflow_six_doors_small
D:4:      layout_basic, mainiacjoe_overflow_catwalk, tso_oasis_becter,
          minmay_temple_entry_glass
D:5:      layout_loops_cross, vehumet_altar_wand_db, serial_shops,
          nicolae_shop_waterfront

Skill      XL: |  1  2  3  4  5 |
---------------+----------------+-----
Axes           | 4 5 |  5.0
Armour         | 1 |  1.9
Dodging        | 4 |  4.1
Fighting       | |  2.9
Throwing       | |  2.0
Stealth        | |  0.6

Action                     |  1- 3 |  4- 6 || total
---------------------------+-------+-------++-------
  Melee: War axe           |    53 |    55 ||   108
         Peck              |     8 |     5 ||    13
         Kick              |    12 |    10 ||    22
         Punch             |       |     1 ||     1
         Broad axe         |       |     4 ||     4
    Use: Scroll            |     2 |     4 ||     6
         Potion            |     1 |       ||     1
 Armour: Leather armour    |    22 |       ||    22
         Robe              |     2 |    10 ||    12
         Ring mail         |       |    12 ||    12
  Dodge: Dodged            |    56 |    58 ||   114

Table legend: (Time is in decaauts)
 A = Elapsed time spent in this place.
 B = Non-inter-level travel time spent in this place.
 C = Inter-level travel time spent in this place.
 D = Time resting spent in this place.
 E = Time spent auto-exploring this place.
 F = Levels seen in this place.
 G = Mean time per level.
                   A        B        C        D        E       F      G
               +--------+--------+--------+--------+--------+-----+--------+
         Total |   2886 |   2766 |    120 |      0 |      0 |   5 |  577.2 |
       Dungeon |   2886 |   2766 |    120 |      0 |      0 |   5 |  577.2 |
               +--------+--------+--------+--------+--------+-----+--------+

Top non-repeatable levels by time:
     D:4: 950 daAuts
     D:1: 659 daAuts
     D:3: 619 daAuts
     D:2: 579 daAuts
     D:5: 77 daAuts
